AoeStats
← gggmeuer

Arena

507119674Analyzed
3v3 RM · 15d ago on Sep 16, 2026· 42m 23s· 6 players
Game mode
Random Map
Map size
Normal (6 player)
Population
200
Speed
Normal
Resources
Standard
Victory
Conquest
Starting age
Dark Age
Ending age
Imperial Age
RankedLock teamsTeams togetherTeam positionsShared explorationLock speedFull tech treeHidden civsTurbo modeCheats
Victory
Defeat
🇨🇭 Slavs · Switzerland
1536
+18
🇨🇭 Cumans · Switzerland
1511
+19
🇩🇪 Bohemians · Germany
1501
+19
🇹🇷 Gurjaras · Türkiye
1588
-19
🇨🇭 Poles · Switzerland
1571
-19
🇺🇾 Malians · Uruguay
1550
-18
FMG | Sawasha Takohida
10:05 Feudal Age
13:47 Castle Age
12:17 Double-Bit Axe
14:21 Horse Collar
24:01 Loom
24:49 Gold Mining
27:14 Forging
28:50 Wheelbarrow
28:28 Bow Saw
32:23 Imperial Age
31:26 Scale Barding Armor
31:46 Hand Cart
31:39 Heavy Plow
32:22 Husbandry
32:33 Bloodlines
34:07 Chemistry
33:16 Farimba
33:23 Scale Mail Armor
33:18 Stone Mining
33:03 Light Cavalry
34:20 Devotion
34:40 Squires
35:19 Masonry
36:18 Man-at-Arms
37:15 Chain Mail Armor
37:50 Long Swordsman
39:29 Plate Mail Armor
38:35 Two-Handed Swordsman
38:52 Pikeman
flowaway4
10:06 Feudal Age
13:52 Castle Age
12:16 Double-Bit Axe
13:33 Loom
19:41 Horse Collar
21:52 Wheelbarrow
24:10 Heavy Plow
26:04 Scale Mail Armor
28:44 Chain Mail Armor
29:39 Gold Mining
30:42 Town Watch
31:27 Bow Saw
34:34 Imperial Age
32:31 Forging
32:14 Fletching
32:52 Szlachta Privileges
34:53 Iron Casting
34:15 Bodkin Arrow
34:37 Scale Barding Armor
35:21 Bloodlines
35:54 Conscription
35:32 Cavalier
36:12 Husbandry
37:53 Chain Barding Armor
37:14 Pikeman
37:54 Squires
40:17 Blast Furnace
40:23 Man-at-Arms
40:49 Arson
41:36 Plate Mail Armor
42:11 Fervor
41:43 Long Swordsman
Itgetsdarker
10:11 Feudal Age
9:53 Loom
14:14 Castle Age
12:13 Double-Bit Axe
12:13 Horse Collar
21:46 Wheelbarrow
23:33 Town Watch
25:51 Bloodlines
28:43 Husbandry
29:29 Scale Barding Armor
29:34 Forging
33:36 Imperial Age
30:38 Light Cavalry
31:52 Chain Barding Armor
32:44 Hand Cart
33:42 Iron Casting
34:20 Kshatriyas
35:17 Conscription
34:56 Heavy Camel Rider
35:23 Elite Elephant Archer
35:58 Fletching
36:09 Padded Archer Armor
36:44 Gold Mining
37:03 Bodkin Arrow
39:20 Bracer
42:11 Ballistics
42:42 Gold Shaft Mining
42:31 Leather Archer Armor
Tilt Eulenspiegel
10:18 Feudal Age
14:29 Castle Age
12:16 Horse Collar
12:48 Double-Bit Axe
15:31 Bow Saw
16:31 Heavy Plow
18:28 Loom
25:22 Wheelbarrow
24:42 Town Watch
30:11 Imperial Age
27:44 Scale Mail Armor
29:25 Chemistry
28:11 Pikeman
29:29 Chain Mail Armor
29:28 Squires
30:30 Forging
30:27 Halberdier
31:41 Hand Cart
32:28 Two-Man Saw
32:26 Block Printing
32:32 Sanctity
33:26 Plate Mail Armor
34:26 Siege Engineers
34:50 Redemption
35:43 Houfnice
37:45 Padded Archer Armor
38:51 Iron Casting
38:38 Ballistics
38:28 Masonry
38:52 Conscription
39:15 Leather Archer Armor
39:12 Wagenburg Tactics
39:54 Caravan
41:08 Hussite Reforms
43:09 Architecture
42:41 Treadmill Crane
hoiduloi
5:51 Loom
8:49 Feudal Age
10:09 Double-Bit Axe
11:42 Fletching
19:50 Castle Age
19:35 Horse Collar
19:53 Gold Mining
22:42 Bow Saw
29:22 Gold Shaft Mining
32:01 Imperial Age
30:32 Wheelbarrow
30:24 Pikeman
31:04 Squires
31:06 Scale Mail Armor
31:17 Forging
32:10 Chain Mail Armor
32:44 Man-at-Arms
33:15 Onager
34:59 Iron Casting
34:30 Scale Barding Armor
34:34 Long Swordsman
36:00 Plate Mail Armor
36:55 Blast Furnace
35:51 Two-Handed Swordsman
38:10 Druzhina
38:01 Champion
39:27 Halberdier
gggmeuer
9:14 Feudal Age
10:58 Double-Bit Axe
11:46 Double-Bit Axe
13:01 Horse Collar
19:54 Castle Age
19:17 Wheelbarrow
19:33 Bloodlines
20:55 Loom
25:50 Hand Cart
26:08 Scale Barding Armor
28:16 Forging
28:36 Gold Mining
28:37 Stone Mining
28:48 Heavy Plow
31:01 Chain Barding Armor
31:17 Iron Casting
31:00 Town Watch
33:52 Imperial Age
31:46 Fletching
34:14 Cavalier
35:31 Plate Barding Armor
35:14 Bow Saw
36:10 Crop Rotation
36:22 Paladin
38:16 Blast Furnace
38:32 Light Cavalry
39:09 Bodkin Arrow
40:41 Two-Man Saw
43:08 Guilds
Connection lost

Rejoining the realm…

Still unreachable

The connection could not be restored.

Session expired

The server has moved on; the page needs a fresh start.